Senateurs vs Avalanche (R2)

Created - 8 mai 2016 at 22:28

Goals
1 2 3 T
Senateurs 1 1 1 3
Avalanche 0 5 2 7
Shots
1 2 3 T
Senateurs 10 6 12 28
Avalanche 6 14 22 42

1st period

1. Senateurs , Ales Kotalik 1 (Olli Jokinen, Andy Hilbert) at 8:09

Penalties :
Bryan Little (Col) for Holding (Minor) at 13:12, Corey Perry (Col) for Interference (Minor) at 17:48

2nd period

2. Senateurs , B.J. Crombeen 1 (Vitaly Vishnevsky, Andy McDonald) at 4:02
3. Avalanche , Mike Comrie 3 (Ryan Getzlaf, Marc Staal) at 6:16
4. Avalanche , Andrei Kostitsyn 1 (Ryan Getzlaf) at 6:26 (PP)
5. Avalanche , Andrei Kostitsyn 2 (Marc Staal, Jack Johnson) at 6:37
6. Avalanche , Ryan Getzlaf 1 (Corey Perry, Andrei Kostitsyn) at 8:13 (PP)
7. Avalanche , Sergei Gonchar 1 (Jack Johnson, Ryan Getzlaf) at 10:04 (PP)

Penalties :
Corey Perry (Col) for High sticking (Minor) at 0:21, Ryan Getzlaf (Col) for Hooking (Minor) at 4:05, Vitaly Vishnevsky (Ott) for Hooking (Minor) at 6:24, Brenden Morrow (Ott) for Unsportsmanlike conduct (Minor) at 7:23, Kurtis Foster (Ott) for Roughing (Minor) at 8:54, Andy McDonald (Ott) for Hooking (Minor) at 17:56

3rd period

8. Senateurs , Gilbert Brule 2 (Brenden Morrow) at 6:09 (PP)
9. Avalanche , Corey Perry 4 (Andrei Kostitsyn, Pernell Karl Subban) at 17:49
10. Avalanche , Ryan Getzlaf 2 (Jack Johnson, Andrei Kostitsyn) at 19:01 (PP)

Penalties :
Ryan Getzlaf (Col) for Tripping (Minor) at 6:05, Darcy Hordichuk (Ott) for Tripping (Minor) at 10:54, Gilbert Brule (Ott) for Interference (Minor) at 18:11

Goalie Stats

Marty Turco (Ott), 25 saves from 28 shots - (0,893), 31:47 minutes
Ondrej Pavelec (Ott), 10 saves from 14 shots - (0,714), L, 0-1-1, 28:13 minutes
Jimmy Howard (Col), 25 saves from 28 shots - (0,893), W, 3-0-0, 60:00 minutes

Players Stats for Senateurs

Player Name              G  A  P  +/- PIM S  H  SB GA TA FO     MP     PP MP  PK MP  
------------------------------------------------------------------------------------
Ales Kotalik             1  0  1   1  0   2  0  0  0  0  0/0     8:27   0:06   0:00 
Andy Hilbert             0  1  1   1  0   2  0  0  0  0  2/3    10:37   0:00   2:37 
Andy McDonald            0  1  1   0  2   0  0  0  0  0  1/2    10:45   0:17   0:16 
B.J. Crombeen            1  0  1   0  0   2  0  1  0  0  0/0    10:06   0:11   0:00 
Brandon Dubinsky         0  0  0   0  0   0  2  2  1  0  0/5    10:45   0:00   0:58 
Brenden Morrow           0  1  1  -2  2   1  1  1  2  0  1/2    23:29   4:10   3:34 
Carlo Colaiacovo         0  0  0  -1  0   0  0  0  0  1  0/0    20:53   3:50   2:00 
Dan Girardi              0  0  0   1  0   0  0  0  0  1  0/0    11:06   0:00   0:46 
Dan Hamhuis              0  0  0  -1  0   0  1  2  1  1  0/0    20:53   3:50   2:00 
Darcy Hordichuk          0  0  0   0  2   1  2  0  0  1  1/2    15:57   3:33   1:01 
Daymond Langkow          0  0  0   0  0   3  3  1  1  0  10/23  16:36   3:39   1:37 
Gilbert Brule            1  0  1  -2  2   6  1  3  1  1  11/27  23:33   4:15   3:37 
Jean-Pierre Dumont       0  0  0  -2  0   1  0  1  1  0  2/3    19:52   4:10   0:00 
Kurtis Foster            0  0  0  -1  2   2  1  1  1  1  0/0    28:02   4:10   4:06 
Olli Jokinen             0  1  1   1  0   2  0  0  0  0  2/4     8:00   0:00   0:00 
Todd Bertuzzi            0  0  0   0  0   1  2  1  0  0  0/0    14:59   3:39   0:00 
Vitaly Vishnevsky        0  1  1  -1  2   4  1  2  0  0  0/0    28:44   4:10   4:48 
Vladimir Mihalik         0  0  0   1  0   1  1  0  0  0  0/0    10:20   0:00   0:00 

Players Stats for Avalanche

Player Name              G  A  P  +/- PIM S  H  SB GA TA FO     MP     PP MP  PK MP  
------------------------------------------------------------------------------------
Andrei Kostitsyn         2  3  5   1  0   9  2  0  2  0  0/1    20:24   5:00   1:31 
Andrew Ladd              0  0  0   0  0   0  1  1  1  0  1/1     8:29   0:00   2:22 
Brandon Yip              0  0  0  -1  0   0  3  0  0  0  0/0    10:53   0:03   0:00 
Bryan Little             0  0  0   0  2   5  1  3  0  0  6/12   16:51   1:50   0:50 
Chuck Kobasew            0  0  0   1  0   0  0  1  0  0  0/0    10:22   0:00   4:07 
Corey Perry              1  1  2   1  4   2  2  1  0  1  0/0    18:56   5:00   0:00 
Jack Johnson             0  3  3   0  0   6  3  3  1  1  0/0    26:18   5:05   3:00 
Jason Pominville         0  0  0   0  0   7  1  0  1  0  0/0    16:01   1:50   0:00 
Marc Staal               0  2  2   1  0   1  0  0  0  1  0/0    24:46   1:45   5:00 
Michal Handzus           0  0  0   0  0   0  0  0  0  0  2/2     9:06   0:00   2:59 
Mike Comrie              1  0  1   0  0   2  1  1  0  1  10/17  14:51   0:00   4:01 
Mikkel Boedker           0  0  0   0  0   1  3  0  0  0  1/1    14:04   0:00   0:00 
Pernell Karl Subban      0  1  1   2  0   2  2  0  0  0  0/0    22:59   1:45   5:00 
Ryan Getzlaf             2  3  5   2  4   4  0  0  1  1  20/35  19:22   5:00   0:10 
Ryan Smyth               0  0  0  -1  0   1  0  0  0  0  1/2    12:36   1:47   0:00 
Sergei Gonchar           1  0  1  -1  0   1  0  1  0  1  0/0    15:54   5:05   0:00 
Shane O'Brien            0  0  0   1  0   1  3  0  0  2  0/0    19:20   0:00   3:00 
Tom Preissing            0  0  0  -1  0   0  0  0  0  0  0/0    10:43   0:00   0:00 

3 Stars

1 - Andrei Kostitsyn (Col)
2 - Ryan Getzlaf (Col)
3 - Jack Johnson (Col)

Power Play

Senateurs - 1 on 5 Attempt(s) - 20,00%
Avalanche - 4 on 6 Attempt(s) - 66,67%

Penalty Kill

Senateurs - 2 on 6 Attempt(s) - 33,33% - Score 0 goal in Penalty Kill
Avalanche - 4 on 5 Attempt(s) - 80,00% - Score 0 goal in Penalty Kill

Team Stat

Senateurs - Hits : 15 - Faceoff Wins : 30 - Blocked Shots : 15 - Penalty Minutes : 12
Avalanche - Hits : 22 - Faceoff Wins : 41 - Blocked Shots : 11 - Penalty Minutes : 10

Official

Referees : StLaurent Francois and Kowal Tom
Linesman : Brad Kovachik and Brian Murphy

Game Notes

Marty Turco enters game at 8:13 of 2nd period

Finance

Level 1 -- Attendance: 6000 (100,00%) -- Ticket Income 504 000 $
Level 2 -- Attendance: 5000 (100,00%) -- Ticket Income 250 000 $
Level 3 -- Attendance: 2000 (100,00%) -- Ticket Income 56 000 $
Level 4 -- Attendance: 4000 (100,00%) -- Ticket Income 72 000 $
Luxury Box -- Attendance: 1000 (100,00%) -- Ticket Income 167 000 $
Game was played at the Pepsi Center.
Total Attendance: 18000 (100,00%)
Total Ticket Income: 1 049 000 $
Other Income: 157 350 $
Total Income: 1 206 350 $

Senateurs

5 vs 5 Forward 
   Center                   Left Wing                Right Wing               Time % Phy DF OF 
 1 Gilbert Brule            Brenden Morrow           Jean-Pierre Dumont       40     1   2  2  
 2 Daymond Langkow          Darcy Hordichuk          Todd Bertuzzi            30     1   2  2  
 3 Brandon Dubinsky         Andy McDonald            B.J. Crombeen            20     1   2  2  
 4 Olli Jokinen             Andy Hilbert             Ales Kotalik             10     1   2  2  

5 vs 5 Defense 
   Defense                  Defense                                           Time % Phy DF OF 
 1 Vitaly Vishnevsky        Kurtis Foster                                     44     1   2  2  
 2 Dan Hamhuis              Carlo Colaiacovo                                  33     1   2  2  
 3 Vladimir Mihalik         Dan Girardi                                       23     1   2  2  
 4 Vitaly Vishnevsky        Kurtis Foster                                     0      1   2  2  

PowerPlay Forward 
   Center                   Left Wing                Right Wing               Time % Phy DF OF 
 1 Gilbert Brule            Brenden Morrow           Jean-Pierre Dumont       60     1   2  2  
 2 Daymond Langkow          Darcy Hordichuk          Todd Bertuzzi            40     1   2  2  

PowerPlay Defense
   Defense                  Defense                                           Time % Phy DF OF 
 1 Vitaly Vishnevsky        Kurtis Foster                                     60     1   2  2  
 2 Dan Hamhuis              Carlo Colaiacovo                                  40     1   2  2  

Penalty Kill 4 Players Forward 
   Center                   Wing                     Time % Phy DF OF 
 1 Gilbert Brule            Brenden Morrow           60     1   2  2  
 2 Daymond Langkow          Darcy Hordichuk          40     1   2  2  

Penalty Kill 4 Players Defense
   Defense                  Defense                  Time % Phy DF OF 
 1 Vitaly Vishnevsky        Kurtis Foster            60     1   2  2  
 2 Dan Hamhuis              Carlo Colaiacovo         40     1   2  2  

Penalty Kill - 3 Players Forward 
   Forward                                           Time % Phy DF OF 
 1 Brenden Morrow                                    60     1   2  2  
 2 Gilbert Brule                                     40     1   2  2  

Penalty Kill - 3 Players Defense
   Defense                  Defense                  Time % Phy DF OF 
 1 Vitaly Vishnevsky        Kurtis Foster            60     1   2  2  
 2 Dan Hamhuis              Carlo Colaiacovo         40     1   2  2  

4 vs 4 Forward 
   Center                   Wing                     Time % Phy DF OF 
 1 Brenden Morrow           Gilbert Brule            60     1   2  2  
 2 Darcy Hordichuk          Daymond Langkow          40     1   2  2  

4 vs 4 Defense
   Defense                  Defense                  Time % Phy DF OF 
 1 Vitaly Vishnevsky        Kurtis Foster            60     1   2  2  
 2 Dan Hamhuis              Carlo Colaiacovo         40     1   2  2  

Last Minutes Offensive
   Center                   Left Wing                Right Wing               Defense                  Defense                  
   Gilbert Brule            Brenden Morrow           Jean-Pierre Dumont       Vitaly Vishnevsky        Kurtis Foster            

Last Minutes Defensive
   Center                   Left Wing                Right Wing               Defense                  Defense                  
   Gilbert Brule            Brenden Morrow           Jean-Pierre Dumont       Vitaly Vishnevsky        Kurtis Foster            

Goaltenders
Starting : Ondrej Pavelec           
Backup : Marty Turco              

Extra Forwards
Normal : Andy McDonald, B.J. Crombeen, Andy Hilbert - PP : Andy McDonald, B.J. Crombeen - PK : Andy Hilbert
Extra Defensemen
Normal : Vladimir Mihalik, Dan Girardi, Dan Hamhuis - PP : Vladimir Mihalik - PK : Dan Girardi, Dan Hamhuis
Penalty Shots
Brenden Morrow, Gilbert Brule, Darcy Hordichuk, Daymond Langkow, Jean-Pierre Dumont

Avalanche

5 vs 5 Forward 
   Center                   Left Wing                Right Wing               Time % Phy DF OF 
 1 Ryan Getzlaf             Andrei Kostitsyn         Corey Perry              35     1   2  2  
 2 Bryan Little             Mikkel Boedker           Jason Pominville         35     1   2  2  
 3 Mike Comrie              Ryan Smyth               Brandon Yip              20     1   2  2  
 4 Michal Handzus           Andrew Ladd              Chuck Kobasew            10     1   2  2  

5 vs 5 Defense 
   Defense                  Defense                                           Time % Phy DF OF 
 1 Marc Staal               Jack Johnson                                      40     1   2  2  
 2 Shane O'Brien            Pernell Karl Subban                               35     1   2  2  
 3 Sergei Gonchar           Tom Preissing                                     25     1   2  2  
 4 Marc Staal               Jack Johnson                                      0      1   2  2  

PowerPlay Forward 
   Center                   Left Wing                Right Wing               Time % Phy DF OF 
 1 Ryan Getzlaf             Andrei Kostitsyn         Corey Perry              60     1   2  2  
 2 Bryan Little             Ryan Smyth               Jason Pominville         40     1   2  2  

PowerPlay Defense
   Defense                  Defense                                           Time % Phy DF OF 
 1 Sergei Gonchar           Jack Johnson                                      60     1   2  2  
 2 Pernell Karl Subban      Marc Staal                                        40     1   2  2  

Penalty Kill 4 Players Forward 
   Center                   Wing                     Time % Phy DF OF 
 1 Mike Comrie              Chuck Kobasew            60     1   2  2  
 2 Michal Handzus           Andrew Ladd              40     1   2  2  

Penalty Kill 4 Players Defense
   Defense                  Defense                  Time % Phy DF OF 
 1 Marc Staal               Pernell Karl Subban      60     1   2  2  
 2 Shane O'Brien            Jack Johnson             40     1   2  2  

Penalty Kill - 3 Players Forward 
   Forward                                           Time % Phy DF OF 
 1 Mike Comrie                                       60     1   2  2  
 2 Jason Pominville                                  40     1   2  2  

Penalty Kill - 3 Players Defense
   Defense                  Defense                  Time % Phy DF OF 
 1 Marc Staal               Jack Johnson             60     1   2  2  
 2 Shane O'Brien            Pernell Karl Subban      40     1   2  2  

4 vs 4 Forward 
   Center                   Wing                     Time % Phy DF OF 
 1 Bryan Little             Jason Pominville         60     1   2  2  
 2 Ryan Smyth               Mike Comrie              40     1   2  2  

4 vs 4 Defense
   Defense                  Defense                  Time % Phy DF OF 
 1 Marc Staal               Jack Johnson             60     1   2  2  
 2 Shane O'Brien            Pernell Karl Subban      40     1   2  2  

Last Minutes Offensive
   Center                   Left Wing                Right Wing               Defense                  Defense                  
   Bryan Little             Andrei Kostitsyn         Corey Perry              Marc Staal               Jack Johnson             

Last Minutes Defensive
   Center                   Left Wing                Right Wing               Defense                  Defense                  
   Mike Comrie              Ryan Smyth               Jason Pominville         Marc Staal               Jack Johnson             

Goaltenders
Starting : Jimmy Howard             
Backup : Semyon Varlamov          

Extra Forwards
Normal : Ryan Getzlaf, Brandon Yip, Michal Handzus - PP : Ryan Getzlaf, Brandon Yip - PK : Michal Handzus
Extra Defensemen
Normal : Sergei Gonchar, Pernell Karl Subban, Shane O'Brien - PP : Sergei Gonchar - PK : Pernell Karl Subban, Shane O'Brien
Penalty Shots
Mikkel Boedker, Jason Pominville, Ryan Smyth, Mike Comrie, Bryan Little

% Time on Ice - Senateurs

Lines # - Real PCT - Wanted PCT - Time Play
Normal Forward
1 - 36% - 40% - 16:16
2 - 25% - 30% - 11:20
3 - 21% - 20% - 9:34
4 - 18% - 10% - 8:00
Normal Defense
1 - 44% - 44% - 19:47
2 - 33% - 33% - 15:03
3 - 23% - 23% - 10:20
4 - 0% - 0% - 0:00
PP Forward
1 - 54% - 60% - 4:21
2 - 46% - 40% - 3:39
PP Defense
1 - 52% - 60% - 4:10
2 - 48% - 40% - 3:50
PK Forward
1 - 76% - 60% - 5:13
2 - 24% - 40% - 1:37
PK Defense
1 - 71% - 60% - 4:50
2 - 29% - 40% - 2:00
PK3 Forward
1 - 0% - 60%
2 - 0% - 40%
PK3 Defense
1 - 0% - 60%
2 - 0% - 40%
44 Forward
1 - 0% - 60%
2 - 0% - 40%
44 Defense
1 - 0% - 60%
2 - 0% - 40%
Last Minute Offensive  - 0:00
Last Minute Defensive  - 0:00
Total
Forward - 60:00
Defense - 60:00

% Time on Ice - Avalanche

Lines # - Real PCT - Wanted PCT - Time Play
Normal Forward
1 - 31% - 35% - 14:06
2 - 32% - 35% - 14:16
3 - 24% - 20% - 10:46
4 - 13% - 10% - 6:02
Normal Defense
1 - 41% - 40% - 18:39
2 - 35% - 35% - 15:48
3 - 24% - 25% - 10:43
4 - 0% - 0% - 0:00
PP Forward
1 - 73% - 60% - 5:00
2 - 27% - 40% - 1:50
PP Defense
1 - 74% - 60% - 5:05
2 - 26% - 40% - 1:45
PK Forward
1 - 70% - 60% - 5:38
2 - 30% - 40% - 2:22
PK Defense
1 - 63% - 60% - 5:00
2 - 38% - 40% - 3:00
PK3 Forward
1 - 0% - 60%
2 - 0% - 40%
PK3 Defense
1 - 0% - 60%
2 - 0% - 40%
44 Forward
1 - 0% - 60%
2 - 0% - 40%
44 Defense
1 - 0% - 60%
2 - 0% - 40%
Last Minute Offensive  - 0:00
Last Minute Defensive  - 0:00
Total
Forward - 60:00
Defense - 60:00

Play by Play

1st period


0:01 of 1st period - Ryan Getzlaf wins face-off versus Gilbert Brule in neutral zone.
0:08 of 1st period - Backhand shot by Andrei Kostitsyn.
0:08 of 1st period - Stopped by Ondrej Pavelec with a rebound.
0:46 of 1st period - Slapshot by Marc Staal.
0:46 of 1st period - Stopped by Ondrej Pavelec without a rebound.
0:47 of 1st period - Mike Comrie wins face-off versus Brandon Dubinsky in Senateurs zone.
1:14 of 1st period - Dan Hamhuis is hit by Pernell Karl Subban and loses puck.
1:43 of 1st period - Andrei Kostitsyn is hit by Gilbert Brule and loses puck.
2:42 of 1st period - Off-side.
2:43 of 1st period - Michal Handzus wins face-off versus Olli Jokinen in neutral zone.
3:36 of 1st period - Snap shot by Olli Jokinen.
3:36 of 1st period - Stopped by Jimmy Howard without a rebound.
3:37 of 1st period - Ryan Getzlaf wins face-off versus Gilbert Brule in Avalanche zone.
3:48 of 1st period - Wrist shot by Andrei Kostitsyn.
3:48 of 1st period - Stopped by Ondrej Pavelec without a rebound.
3:49 of 1st period - Bryan Little wins face-off versus Gilbert Brule in Senateurs zone.
3:52 of 1st period - Wrist shot by Bryan Little.
3:52 of 1st period - Stopped by Ondrej Pavelec with a rebound.
3:54 of 1st period - Snap shot by Jason Pominville.
3:54 of 1st period - Shot Misses the Net.
3:58 of 1st period - Snap shot by Jason Pominville.
3:58 of 1st period - Stopped by Ondrej Pavelec without a rebound.
3:59 of 1st period - Jean-Pierre Dumont wins face-off versus Bryan Little in Senateurs zone.
4:48 of 1st period - Jean-Pierre Dumont is hit by Shane O'Brien and loses puck.
5:18 of 1st period - Wrist shot by Bryan Little.
5:18 of 1st period - Shot Misses the Net.
5:30 of 1st period - Snap shot by Mikkel Boedker.
5:30 of 1st period - Shot Misses the Net.
5:42 of 1st period - Snap shot by Gilbert Brule.
5:42 of 1st period - Shot Misses the Net.
6:25 of 1st period - Snap shot by Jason Pominville.
6:25 of 1st period - Shot Blocked by Brenden Morrow.
6:27 of 1st period - Wrist shot by Mikkel Boedker.
6:27 of 1st period - Shot Blocked by Dan Hamhuis.
6:41 of 1st period - Slapshot by Jason Pominville.
6:41 of 1st period - Stopped by Ondrej Pavelec without a rebound.
6:42 of 1st period - Daymond Langkow wins face-off versus Ryan Getzlaf in Senateurs zone.
7:29 of 1st period - Wrist shot by Andy Hilbert.
7:29 of 1st period - Stopped by Jimmy Howard without a rebound.
7:30 of 1st period - Olli Jokinen wins face-off versus Ryan Getzlaf in Avalanche zone.
7:33 of 1st period - Slapshot by Ales Kotalik.
7:33 of 1st period - Stopped by Jimmy Howard without a rebound.
7:34 of 1st period - Ryan Getzlaf wins face-off versus Olli Jokinen in Avalanche zone.
8:07 of 1st period - Slapshot by Olli Jokinen.
8:07 of 1st period - Shot Misses the Net.
8:09 of 1st period - Snap shot by Ales Kotalik.
8:09 of 1st period - Goal by Ales Kotalik - Senateurs : 1 - Avalanche : 0.
8:10 of 1st period - Daymond Langkow wins face-off versus Mike Comrie in neutral zone.
8:13 of 1st period - Slapshot by Vitaly Vishnevsky.
8:13 of 1st period - Stopped by Jimmy Howard without a rebound.
8:14 of 1st period - Daymond Langkow wins face-off versus Ryan Smyth in Avalanche zone.
8:25 of 1st period - Wrist shot by Darcy Hordichuk.
8:25 of 1st period - Stopped by Jimmy Howard with a rebound.
8:39 of 1st period - Slapshot by Vitaly Vishnevsky.
8:39 of 1st period - Stopped by Jimmy Howard with a rebound.
10:23 of 1st period - Olli Jokinen is hit by Shane O'Brien and loses puck.
11:04 of 1st period - Snap shot by Ales Kotalik.
11:04 of 1st period - Deflect By Andy Hilbert.
11:04 of 1st period - Shot Blocked by Mike Comrie.
11:04 of 1st period - Puck is out of play.
11:05 of 1st period - Ryan Getzlaf wins face-off versus Daymond Langkow in Avalanche zone.
11:31 of 1st period - Jason Pominville is hit by Vladimir Mihalik.
11:41 of 1st period - Snap shot by Mikkel Boedker.
11:41 of 1st period - Shot Blocked by Brandon Dubinsky.
12:15 of 1st period - Wrist shot by Daymond Langkow.
12:15 of 1st period - Stopped by Jimmy Howard without a rebound.
12:16 of 1st period - Darcy Hordichuk wins face-off versus Ryan Getzlaf in Avalanche zone.
12:43 of 1st period - Slapshot by Jason Pominville.
12:43 of 1st period - Shot Misses the Net.
12:51 of 1st period - Snap shot by Gilbert Brule.
12:51 of 1st period - Shot Blocked by Bryan Little.
13:03 of 1st period - Snap shot by Brandon Dubinsky.
13:03 of 1st period - Shot Blocked by Bryan Little.
13:05 of 1st period - Wrist shot by B.J. Crombeen.
13:05 of 1st period - Shot Misses the Net.
13:07 of 1st period - Slapshot by Vladimir Mihalik.
13:07 of 1st period - Shot Blocked by Bryan Little.
13:12 of 1st period - Minor Penalty to Bryan Little for Holding.
13:13 of 1st period - Mike Comrie wins face-off versus Gilbert Brule in Avalanche zone.
13:49 of 1st period - Wrist shot by Daymond Langkow.
13:49 of 1st period - Stopped by Jimmy Howard with a rebound.
15:12 of 1st period - Penalty to Bryan Little is over, Bryan Little is back on ice.
16:30 of 1st period - Snap shot by B.J. Crombeen.
16:30 of 1st period - Shot Blocked by Chuck Kobasew.
16:59 of 1st period - Off-side.
17:00 of 1st period - Ryan Smyth wins face-off versus Andy Hilbert in neutral zone.
17:27 of 1st period - Vitaly Vishnevsky is hit by Corey Perry and loses puck.
17:48 of 1st period - Minor Penalty to Corey Perry for Interference.
17:49 of 1st period - Jean-Pierre Dumont wins face-off versus Mike Comrie in Avalanche zone.
17:50 of 1st period - Wrist shot by Gilbert Brule.
17:50 of 1st period - Stopped by Jimmy Howard without a rebound.
17:51 of 1st period - Mike Comrie wins face-off versus Gilbert Brule in Avalanche zone.
17:51 of 1st period - Mike Comrie is hit by Brenden Morrow.
18:25 of 1st period - Snap shot by Daymond Langkow.
18:25 of 1st period - Shot Misses the Net.
19:46 of 1st period - Shane O'Brien is hit by Daymond Langkow and loses puck.
19:48 of 1st period - Penalty to Corey Perry is over, Corey Perry is back on ice.
19:56 of 1st period - Off-side.
19:57 of 1st period - Bryan Little wins face-off versus Brandon Dubinsky in neutral zone.
Goals for this period are 1 for Senateurs vs 0 for Avalanche.
Shots for this period are 10 for Senateurs vs 6 for Avalanche.

2nd period


0:01 of 2nd period - Ryan Getzlaf wins face-off versus Daymond Langkow in neutral zone.
0:04 of 2nd period - Kurtis Foster is hit by Corey Perry and loses puck.
0:21 of 2nd period - Minor Penalty to Corey Perry for High sticking.
0:22 of 2nd period - Mike Comrie wins face-off versus Gilbert Brule in Avalanche zone.
0:49 of 2nd period - Michal Handzus is hit by Daymond Langkow and loses puck.
2:21 of 2nd period - Penalty to Corey Perry is over, Corey Perry is back on ice.
2:21 of 2nd period - Icing by Marc Staal.
2:22 of 2nd period - Michal Handzus wins face-off versus Andy McDonald in Avalanche zone.
3:17 of 2nd period - Off-side.
3:18 of 2nd period - Mike Comrie wins face-off versus Brandon Dubinsky in neutral zone.
3:20 of 2nd period - Off-side.
3:21 of 2nd period - Mike Comrie wins face-off versus Brandon Dubinsky in neutral zone.
3:24 of 2nd period - Wrist shot by Jack Johnson.
3:24 of 2nd period - Stopped by Ondrej Pavelec with a rebound.
3:58 of 2nd period - Snap shot by B.J. Crombeen.
3:58 of 2nd period - Shot Blocked by Jack Johnson.
4:00 of 2nd period - Slapshot by Vitaly Vishnevsky.
4:00 of 2nd period - Shot Blocked by Jack Johnson.
4:02 of 2nd period - Slapshot by B.J. Crombeen.
4:02 of 2nd period - Goal by B.J. Crombeen - Senateurs : 2 - Avalanche : 0.
4:03 of 2nd period - Ryan Getzlaf wins face-off versus Daymond Langkow in neutral zone.
4:05 of 2nd period - Minor Penalty to Ryan Getzlaf for Hooking.
4:06 of 2nd period - Brenden Morrow wins face-off versus Mike Comrie in Avalanche zone.
6:05 of 2nd period - Penalty to Ryan Getzlaf is over, Ryan Getzlaf is back on ice.
6:16 of 2nd period - Snap shot by Mike Comrie.
6:16 of 2nd period - Goal by Mike Comrie - Senateurs : 2 - Avalanche : 1.
6:17 of 2nd period - Ryan Getzlaf wins face-off versus Brandon Dubinsky in neutral zone.
6:22 of 2nd period - Wrist shot by Corey Perry.
6:22 of 2nd period - Shot Misses the Net.
6:24 of 2nd period - Minor Penalty to Vitaly Vishnevsky for Hooking.
6:25 of 2nd period - Ryan Getzlaf wins face-off versus Gilbert Brule in Senateurs zone.
6:26 of 2nd period - Wrist shot by Andrei Kostitsyn.
6:26 of 2nd period - Goal by Andrei Kostitsyn - Senateurs : 2 - Avalanche : 2.
6:27 of 2nd period - Ryan Getzlaf wins face-off versus Gilbert Brule in neutral zone.
6:35 of 2nd period - Slapshot by Marc Staal.
6:35 of 2nd period - Shot Misses the Net.
6:37 of 2nd period - Snap shot by Andrei Kostitsyn.
6:37 of 2nd period - Goal by Andrei Kostitsyn - Senateurs : 2 - Avalanche : 3.
6:38 of 2nd period - Ryan Getzlaf wins face-off versus Daymond Langkow in neutral zone.
6:41 of 2nd period - Slapshot by Jack Johnson.
6:41 of 2nd period - Stopped by Ondrej Pavelec without a rebound.
6:42 of 2nd period - Ryan Getzlaf wins face-off versus Daymond Langkow in Senateurs zone.
6:49 of 2nd period - Wrist shot by Corey Perry.
6:49 of 2nd period - Shot Misses the Net.
6:55 of 2nd period - Wrist shot by Ryan Getzlaf.
6:55 of 2nd period - Shot Misses the Net.
7:23 of 2nd period - Minor Penalty to Brenden Morrow for Unsportsmanlike conduct.
7:24 of 2nd period - Ryan Getzlaf wins face-off versus Gilbert Brule in Senateurs zone.
7:25 of 2nd period - Snap shot by Andrei Kostitsyn.
7:25 of 2nd period - Shot Blocked by Gilbert Brule.
7:27 of 2nd period - Slapshot by Jack Johnson.
7:27 of 2nd period - Stopped by Ondrej Pavelec with a rebound.
7:29 of 2nd period - Slapshot by Sergei Gonchar.
7:29 of 2nd period - Shot Misses the Net.
7:31 of 2nd period - Slapshot by Jack Johnson.
7:31 of 2nd period - Deflect By Gilbert Brule.
7:31 of 2nd period - Stopped by Ondrej Pavelec without a rebound.
7:32 of 2nd period - Gilbert Brule wins face-off versus Ryan Getzlaf in Senateurs zone.
8:13 of 2nd period - Slapshot by Ryan Getzlaf.
8:13 of 2nd period - Goal by Ryan Getzlaf - Senateurs : 2 - Avalanche : 4.
8:13 of 2nd period - Marty Turco enters game.
8:14 of 2nd period - Bryan Little wins face-off versus Daymond Langkow in neutral zone.
8:19 of 2nd period - Daymond Langkow is hit by Mikkel Boedker and loses puck.
8:48 of 2nd period - Off-side.
8:49 of 2nd period - Ryan Getzlaf wins face-off versus Daymond Langkow in neutral zone.
8:49 of 2nd period - Andrei Kostitsyn is hit by Kurtis Foster and loses puck.
8:54 of 2nd period - Minor Penalty to Kurtis Foster for Roughing.
8:55 of 2nd period - Gilbert Brule wins face-off versus Ryan Getzlaf in Senateurs zone.
9:03 of 2nd period - Off-side.
9:04 of 2nd period - Ryan Getzlaf wins face-off versus Gilbert Brule in neutral zone.
9:21 of 2nd period - Snap shot by Corey Perry.
9:21 of 2nd period - Shot Misses the Net.
9:51 of 2nd period - Sergei Gonchar is hit by Dan Hamhuis and loses puck.
10:00 of 2nd period - Wrist shot by Ryan Getzlaf.
10:00 of 2nd period - Shot Misses the Net.
10:02 of 2nd period - Snap shot by Jack Johnson.
10:02 of 2nd period - Shot Blocked by Dan Hamhuis.
10:04 of 2nd period - Snap shot by Sergei Gonchar.
10:04 of 2nd period - Deflect By Gilbert Brule.
10:04 of 2nd period - Goal by Sergei Gonchar - Senateurs : 2 - Avalanche : 5.
10:05 of 2nd period - Bryan Little wins face-off versus Darcy Hordichuk in neutral zone.
10:08 of 2nd period - Darcy Hordichuk is hit by Bryan Little and loses puck.
10:16 of 2nd period - Kurtis Foster is hit by Jason Pominville and loses puck.
10:38 of 2nd period - Dan Hamhuis is hit by Brandon Yip and loses puck.
11:17 of 2nd period - Snap shot by Andrei Kostitsyn.
11:17 of 2nd period - Deflect By Corey Perry.
11:17 of 2nd period - Stopped by Marty Turco with a rebound.
11:35 of 2nd period - Slapshot by Bryan Little.
11:35 of 2nd period - Stopped by Marty Turco with a rebound.
12:10 of 2nd period - Vitaly Vishnevsky is hit by Andrew Ladd and loses puck.
12:17 of 2nd period - Andrew Ladd is hit by Brandon Dubinsky.
12:47 of 2nd period - Bryan Little is hit by Darcy Hordichuk and loses puck.
13:08 of 2nd period - Slapshot by Carlo Colaiacovo.
13:08 of 2nd period - Shot Blocked by Sergei Gonchar.
13:14 of 2nd period - Dan Hamhuis is hit by Brandon Yip and loses puck.
13:35 of 2nd period - Snap shot by Andy McDonald.
13:35 of 2nd period - Shot Misses the Net.
14:11 of 2nd period - Snap shot by Daymond Langkow.
14:11 of 2nd period - Stopped by Jimmy Howard with a rebound.
14:54 of 2nd period - Snap shot by B.J. Crombeen.
14:54 of 2nd period - Stopped by Jimmy Howard without a rebound.
14:55 of 2nd period - Daymond Langkow wins face-off versus Andrei Kostitsyn in Avalanche zone.
14:58 of 2nd period - Wrist shot by Daymond Langkow.
14:58 of 2nd period - Shot Misses the Net.
15:00 of 2nd period - Snap shot by Todd Bertuzzi.
15:00 of 2nd period - Stopped by Jimmy Howard without a rebound.
15:01 of 2nd period - Ryan Getzlaf wins face-off versus Daymond Langkow in Avalanche zone.
15:01 of 2nd period - Ryan Getzlaf is hit by Vitaly Vishnevsky.
15:15 of 2nd period - Snap shot by Daymond Langkow.
15:15 of 2nd period - Shot Misses the Net.
15:17 of 2nd period - Slapshot by Vitaly Vishnevsky.
15:17 of 2nd period - Stopped by Jimmy Howard without a rebound.
15:18 of 2nd period - Bryan Little wins face-off versus Brenden Morrow in Avalanche zone.
15:52 of 2nd period - Snap shot by Corey Perry.
15:52 of 2nd period - Shot Blocked by Vitaly Vishnevsky.
15:54 of 2nd period - Slapshot by Andrei Kostitsyn.
15:54 of 2nd period - Stopped by Marty Turco without a rebound.
15:55 of 2nd period - Ryan Getzlaf wins face-off versus Gilbert Brule in Senateurs zone.
16:04 of 2nd period - Wrist shot by Ryan Getzlaf.
16:04 of 2nd period - Shot Misses the Net.
16:06 of 2nd period - Wrist shot by Corey Perry.
16:06 of 2nd period - Deflect By Ryan Getzlaf.
16:06 of 2nd period - Stopped by Marty Turco without a rebound.
16:07 of 2nd period - Ryan Getzlaf wins face-off versus Gilbert Brule in Senateurs zone.
16:08 of 2nd period - Wrist shot by Andrei Kostitsyn.
16:08 of 2nd period - Stopped by Marty Turco with a rebound.
16:22 of 2nd period - Wrist shot by Brenden Morrow.
16:22 of 2nd period - Shot Misses the Net.
16:32 of 2nd period - Marc Staal is hit by Todd Bertuzzi.
16:54 of 2nd period - Snap shot by Bryan Little.
16:54 of 2nd period - Shot Misses the Net.
17:25 of 2nd period - Wrist shot by Gilbert Brule.
17:25 of 2nd period - Stopped by Jimmy Howard with a rebound.
17:27 of 2nd period - Slapshot by Carlo Colaiacovo.
17:27 of 2nd period - Shot Blocked by Andrew Ladd.
17:56 of 2nd period - Minor Penalty to Andy McDonald for Hooking.
17:57 of 2nd period - Gilbert Brule wins face-off versus Ryan Getzlaf in Senateurs zone.
19:35 of 2nd period - Sergei Gonchar is hit by Darcy Hordichuk and loses puck.
19:56 of 2nd period - Penalty to Andy McDonald is over, Andy McDonald is back on ice.
19:56 of 2nd period - Brandon Dubinsky is hit by Brandon Yip and loses puck.
Goals for this period are 1 for Senateurs vs 5 for Avalanche.
Shots for this period are 6 for Senateurs vs 14 for Avalanche.

3rd period


0:01 of 3rd period - Gilbert Brule wins face-off versus Ryan Getzlaf in neutral zone.
0:24 of 3rd period - Icing by Jack Johnson.
0:25 of 3rd period - Bryan Little wins face-off versus Daymond Langkow in Avalanche zone.
1:14 of 3rd period - Slapshot by Jack Johnson.
1:14 of 3rd period - Deflect By Brandon Yip.
1:14 of 3rd period - Shot Misses the Net.
1:14 of 3rd period - Puck is out of play.
1:15 of 3rd period - Andy McDonald wins face-off versus Mike Comrie in Senateurs zone.
1:17 of 3rd period - Kurtis Foster is hit by Shane O'Brien and loses puck.
1:44 of 3rd period - Wrist shot by Jean-Pierre Dumont.
1:44 of 3rd period - Deflect By Gilbert Brule.
1:44 of 3rd period - Shot Misses the Net.
1:44 of 3rd period - Puck is out of play.
1:45 of 3rd period - Gilbert Brule wins face-off versus Ryan Getzlaf in Avalanche zone.
2:17 of 3rd period - Slapshot by Marc Staal.
2:17 of 3rd period - Deflect By Bryan Little.
2:17 of 3rd period - Stopped by Marty Turco with a rebound.
2:57 of 3rd period - Snap shot by Ryan Smyth.
2:57 of 3rd period - Deflect By Mike Comrie.
2:57 of 3rd period - Stopped by Marty Turco with a rebound.
2:59 of 3rd period - Slapshot by Ryan Smyth.
2:59 of 3rd period - Stopped by Marty Turco without a rebound.
3:00 of 3rd period - Mike Comrie wins face-off versus Jean-Pierre Dumont in Senateurs zone.
3:25 of 3rd period - Wrist shot by Mike Comrie.
3:25 of 3rd period - Deflect By Ryan Smyth.
3:25 of 3rd period - Shot Blocked by Todd Bertuzzi.
3:25 of 3rd period - Puck is out of play.
3:26 of 3rd period - Daymond Langkow wins face-off versus Ryan Getzlaf in Senateurs zone.
3:26 of 3rd period - Daymond Langkow is hit by Andrei Kostitsyn.
3:46 of 3rd period - Darcy Hordichuk is hit by Andrei Kostitsyn and loses puck.
3:57 of 3rd period - Slapshot by Vitaly Vishnevsky.
3:57 of 3rd period - Deflect By Andrei Kostitsyn.
3:57 of 3rd period - Stopped by Jimmy Howard with a rebound.
3:59 of 3rd period - Snap shot by Daymond Langkow.
3:59 of 3rd period - Shot Blocked by Jack Johnson.
4:01 of 3rd period - Wrist shot by Darcy Hordichuk.
4:01 of 3rd period - Shot Misses the Net.
4:03 of 3rd period - Slapshot by Kurtis Foster.
4:03 of 3rd period - Stopped by Jimmy Howard with a rebound.
4:17 of 3rd period - Snap shot by Jack Johnson.
4:17 of 3rd period - Stopped by Marty Turco without a rebound.
4:18 of 3rd period - Gilbert Brule wins face-off versus Bryan Little in Senateurs zone.
5:35 of 3rd period - Snap shot by Brenden Morrow.
5:35 of 3rd period - Stopped by Jimmy Howard with a rebound.
5:37 of 3rd period - Slapshot by Vladimir Mihalik.
5:37 of 3rd period - Stopped by Jimmy Howard without a rebound.
5:38 of 3rd period - Gilbert Brule wins face-off versus Ryan Getzlaf in Avalanche zone.
5:47 of 3rd period - Snap shot by Jack Johnson.
5:47 of 3rd period - Deflect By Andrei Kostitsyn.
5:47 of 3rd period - Shot Blocked by Gilbert Brule.
5:47 of 3rd period - Puck is out of play.
5:48 of 3rd period - Ryan Getzlaf wins face-off versus Gilbert Brule in Senateurs zone.
6:05 of 3rd period - Snap shot by Andrei Kostitsyn.
6:05 of 3rd period - Stopped by Marty Turco without a rebound.
6:05 of 3rd period - Minor Penalty to Ryan Getzlaf for Tripping.
6:06 of 3rd period - Gilbert Brule wins face-off versus Mike Comrie in Avalanche zone.
6:09 of 3rd period - Snap shot by Gilbert Brule.
6:09 of 3rd period - Goal by Gilbert Brule - Senateurs : 3 - Avalanche : 5.
6:10 of 3rd period - Mikkel Boedker wins face-off versus Gilbert Brule in neutral zone.
6:17 of 3rd period - Snap shot by Bryan Little.
6:17 of 3rd period - Shot Blocked by Gilbert Brule.
6:19 of 3rd period - Wrist shot by Jason Pominville.
6:19 of 3rd period - Stopped by Marty Turco without a rebound.
6:20 of 3rd period - Gilbert Brule wins face-off versus Bryan Little in Senateurs zone.
6:51 of 3rd period - Snap shot by Bryan Little.
6:51 of 3rd period - Shot Blocked by Jean-Pierre Dumont.
6:53 of 3rd period - Snap shot by Jason Pominville.
6:53 of 3rd period - Stopped by Marty Turco with a rebound.
6:55 of 3rd period - Snap shot by Pernell Karl Subban.
6:55 of 3rd period - Stopped by Marty Turco with a rebound.
6:57 of 3rd period - Slapshot by Shane O'Brien.
6:57 of 3rd period - Stopped by Marty Turco without a rebound.
6:58 of 3rd period - Daymond Langkow wins face-off versus Ryan Getzlaf in Senateurs zone.
6:58 of 3rd period - Daymond Langkow is hit by Jack Johnson.
7:25 of 3rd period - Marc Staal is hit by Brandon Dubinsky and loses puck.
8:08 of 3rd period - Wrist shot by Bryan Little.
8:08 of 3rd period - Deflect By Brenden Morrow.
8:08 of 3rd period - Stopped by Marty Turco without a rebound.
8:09 of 3rd period - Daymond Langkow wins face-off versus Bryan Little in Senateurs zone.
8:09 of 3rd period - Daymond Langkow is hit by Mikkel Boedker.
8:16 of 3rd period - Icing by Jack Johnson.
8:17 of 3rd period - Daymond Langkow wins face-off versus Bryan Little in Avalanche zone.
8:17 of 3rd period - Daymond Langkow is hit by Jack Johnson.
8:23 of 3rd period - Snap shot by Darcy Hordichuk.
8:23 of 3rd period - Shot Misses the Net.
8:31 of 3rd period - Snap shot by Bryan Little.
8:31 of 3rd period - Stopped by Marty Turco with a rebound.
8:33 of 3rd period - Slapshot by Jack Johnson.
8:33 of 3rd period - Stopped by Marty Turco with a rebound.
8:35 of 3rd period - Slapshot by Marc Staal.
8:35 of 3rd period - Shot Misses the Net.
8:37 of 3rd period - Wrist shot by Bryan Little.
8:37 of 3rd period - Shot Blocked by Daymond Langkow.
8:50 of 3rd period - Kurtis Foster is hit by Jack Johnson.
9:02 of 3rd period - Snap shot by Jason Pominville.
9:02 of 3rd period - Shot Blocked by Vitaly Vishnevsky.
9:04 of 3rd period - Slapshot by Jack Johnson.
9:04 of 3rd period - Deflect By Jason Pominville.
9:04 of 3rd period - Stopped by Marty Turco with a rebound.
9:06 of 3rd period - Slapshot by Jason Pominville.
9:06 of 3rd period - Stopped by Marty Turco without a rebound.
9:07 of 3rd period - Ryan Getzlaf wins face-off versus Gilbert Brule in Senateurs zone.
10:01 of 3rd period - Jean-Pierre Dumont is hit by Mike Comrie and loses puck.
10:20 of 3rd period - Wrist shot by Andy McDonald.
10:20 of 3rd period - Shot Misses the Net.
10:43 of 3rd period - Snap shot by Mikkel Boedker.
10:43 of 3rd period - Stopped by Marty Turco with a rebound.
10:45 of 3rd period - Snap shot by Jason Pominville.
10:45 of 3rd period - Stopped by Marty Turco without a rebound.
10:46 of 3rd period - Mike Comrie wins face-off versus Daymond Langkow in Senateurs zone.
10:54 of 3rd period - Minor Penalty to Darcy Hordichuk for Tripping.
10:55 of 3rd period - Gilbert Brule wins face-off versus Ryan Getzlaf in Senateurs zone.
11:09 of 3rd period - Snap shot by Ryan Getzlaf.
11:09 of 3rd period - Shot Blocked by Kurtis Foster.
11:11 of 3rd period - Wrist shot by Ryan Getzlaf.
11:11 of 3rd period - Shot Misses the Net.
12:54 of 3rd period - Penalty to Darcy Hordichuk is over, Darcy Hordichuk is back on ice.
13:02 of 3rd period - Off-side.
13:03 of 3rd period - Andrew Ladd wins face-off versus Daymond Langkow in neutral zone.
13:33 of 3rd period - Slapshot by Carlo Colaiacovo.
13:33 of 3rd period - Shot Misses the Net.
14:07 of 3rd period - Snap shot by Gilbert Brule.
14:07 of 3rd period - Deflect By Jean-Pierre Dumont.
14:07 of 3rd period - Stopped by Jimmy Howard with a rebound.
14:10 of 3rd period - Icing by Brandon Yip.
14:11 of 3rd period - Mike Comrie wins face-off versus Daymond Langkow in Avalanche zone.
14:36 of 3rd period - Snap shot by Andrei Kostitsyn.
14:36 of 3rd period - Stopped by Marty Turco with a rebound.
14:38 of 3rd period - Snap shot by Andrei Kostitsyn.
14:38 of 3rd period - Shot Misses the Net.
14:40 of 3rd period - Snap shot by Andrei Kostitsyn.
14:40 of 3rd period - Shot Blocked by B.J. Crombeen.
15:04 of 3rd period - Slapshot by Pernell Karl Subban.
15:04 of 3rd period - Stopped by Marty Turco with a rebound.
15:28 of 3rd period - Slapshot by Brenden Morrow.
15:28 of 3rd period - Deflect By Gilbert Brule.
15:28 of 3rd period - Stopped by Jimmy Howard with a rebound.
15:30 of 3rd period - Wrist shot by Gilbert Brule.
15:30 of 3rd period - Stopped by Jimmy Howard with a rebound.
15:32 of 3rd period - Wrist shot by Brenden Morrow.
15:32 of 3rd period - Deflect By Gilbert Brule.
15:32 of 3rd period - Shot Misses the Net.
15:32 of 3rd period - Puck is out of play.
15:33 of 3rd period - Mike Comrie wins face-off versus Daymond Langkow in Avalanche zone.
15:33 of 3rd period - Mike Comrie is hit by Daymond Langkow.
15:38 of 3rd period - Off-side.
15:39 of 3rd period - Daymond Langkow wins face-off versus Mike Comrie in neutral zone.
16:16 of 3rd period - Wrist shot by Jean-Pierre Dumont.
16:16 of 3rd period - Shot Blocked by Corey Perry.
16:28 of 3rd period - Snap shot by Andy Hilbert.
16:28 of 3rd period - Stopped by Jimmy Howard without a rebound.
16:29 of 3rd period - Olli Jokinen wins face-off versus Mike Comrie in Avalanche zone.
16:32 of 3rd period - Snap shot by Olli Jokinen.
16:32 of 3rd period - Stopped by Jimmy Howard with a rebound.
17:09 of 3rd period - Brandon Dubinsky is hit by Mikkel Boedker and loses puck.
17:20 of 3rd period - Snap shot by Gilbert Brule.
17:20 of 3rd period - Stopped by Jimmy Howard without a rebound.
17:21 of 3rd period - Ryan Getzlaf wins face-off versus Gilbert Brule in Avalanche zone.
17:49 of 3rd period - Snap shot by Corey Perry.
17:49 of 3rd period - Goal by Corey Perry - Senateurs : 3 - Avalanche : 6.
17:50 of 3rd period - Gilbert Brule wins face-off versus Ryan Getzlaf in neutral zone.
18:01 of 3rd period - Snap shot by Andrei Kostitsyn.
18:01 of 3rd period - Stopped by Marty Turco with a rebound.
18:03 of 3rd period - Slapshot by Jack Johnson.
18:03 of 3rd period - Shot Misses the Net.
18:05 of 3rd period - Wrist shot by Ryan Getzlaf.
18:05 of 3rd period - Stopped by Marty Turco with a rebound.
18:11 of 3rd period - Minor Penalty to Gilbert Brule for Interference.
18:12 of 3rd period - Andy Hilbert wins face-off versus Ryan Getzlaf in Senateurs zone.
18:17 of 3rd period - Slapshot by Kurtis Foster.
18:17 of 3rd period - Stopped by Jimmy Howard without a rebound.
18:18 of 3rd period - Andy Hilbert wins face-off versus Ryan Getzlaf in Avalanche zone.
18:57 of 3rd period - Snap shot by Ryan Getzlaf.
18:57 of 3rd period - Shot Misses the Net.
18:59 of 3rd period - Slapshot by Jack Johnson.
18:59 of 3rd period - Shot Blocked by Brandon Dubinsky.
19:01 of 3rd period - Snap shot by Ryan Getzlaf.
19:01 of 3rd period - Goal by Ryan Getzlaf - Senateurs : 3 - Avalanche : 7.
19:02 of 3rd period - Daymond Langkow wins face-off versus Bryan Little in neutral zone.
19:11 of 3rd period - Shane O'Brien is hit by Todd Bertuzzi.
19:29 of 3rd period - Carlo Colaiacovo is hit by Pernell Karl Subban and loses puck.
Goals for this period are 1 for Senateurs vs 2 for Avalanche.
Shots for this period are 12 for Senateurs vs 22 for Avalanche.